 Dungeon Crawl Stone Soup version 0.29.1-12-g30fa7ad0bf (webtiles) character file.

Game seed: 17564197580223695244

32 wormed the Shield-Bearer (level 3, 0/34 HPs)
             Began as a Gargoyle Fighter on Dec 21, 2022.
             Slain by a goblin
             ... wielding a +0 dagger
             ... led by Robin
              (1 damage)
             ... on level 2 of the Dungeon.
             The game lasted 00:01:34 (716 turns).

wormed the Shield-Bearer (Gargoyle Fighter)          Turns: 716, Time: 00:01:35

Health: 0/34       AC: 25    Str: 21    XL:     3   Next: 27%
Magic:  3/3        EV:  2    Int:  8    God:
Gold:   57         SH:  4    Dex:  9    Spells: 2/2 levels left

rFire   . . .      SeeInvis .   a - +0 flail
rCold   . . .      Faith    .   c - +0 buckler
rNeg    + . .      Spirit   .   (body armour currently unavailable)
rPois   ∞          Reflect  .   (helmet currently unavailable)
rElec   .          Harm     .   (cloak currently unavailable)
rCorr   .          Rampage  .   (gloves currently unavailable)
Will    .....      NoTele   +   (boots currently unavailable)
Stlth   +.........              (no amulet)
HPRegen 0.11/turn               j - +4 ring of protection
MPRegen 0.08/turn               (no ring)

@: mighty, tree-form
A: stationary, stasis, torment immunity, boosted hp, sickness immunity, AC +3,
negative energy resistance 1, (electricity resistance), torment resistance 1,
petrification resistance
a: no special abilities


You were on level 2 of the Dungeon.
You were a tree.
You visited 1 branch of the dungeon, and saw 2 of its levels.

You collected 57 gold pieces.

Inventory:

Hand Weapons
 a - a +0 flail (weapon)
Armour
 b - a +0 scale mail (melded)
 c - a +0 buckler (worn)
Jewellery
 j - a +4 ring of protection (left branch)
Scrolls
 e - a scroll of enchant weapon {unknown}
 f - a scroll of blinking {unknown}
 g - a scroll of teleportation {unknown}
 h - a scroll of identify {unknown}
Potions
 d - a potion of might
 i - a potion of lignification


   Skills:
 + Level 3.6 Fighting
 * Level 2.7 Maces & Flails
 + Level 3.6 Armour
 + Level 3.6 Shields


You had 2 spell levels left.
You didn't know any spells.
Your spell library was empty.

Dungeon Overview and Level Annotations

Branches:
Dungeon (1/15)

Altars:

Annotations:
D:2 Robin


Innate Abilities, Weirdness & Mutations

You are a tree.
Your roots penetrate the ground, keeping you stationary.
You cannot be teleported.
You are immune to unholy pain and torment.
Your maximum health is greatly increased.
Your equipment is partially melded.
You are immune to sickness and miasma.
((Your stone body is resilient. (AC +3)))
You are immune to poison.
You resist negative energy. (rN+)
((You are resistant to electric shocks. (rElec)))
You are resistant to unholy torment.
You are immune to petrification.


Message History

The hobgoblin is almost dead.
The hobgoblin hits you but does no damage.
The goblin barely misses you.
You hit the hobgoblin.
You kill the hobgoblin!
The goblin hits you but does no damage.
You closely miss the goblin. The goblin hits you but does no damage.
The goblin hits you with a +0 club.
You closely miss the goblin. The goblin barely misses you.
You block the goblin's attack.
You completely miss the goblin. The goblin closely misses you.
The goblin hits you but does no damage. The goblin hits you with a +0 dagger.
* * * LOW HITPOINT WARNING * * *
The goblin hits you but does no damage.
You barely miss the goblin.
Robin roars a battlecry!
The goblins go into a battle-frenzy!
The goblin barely misses you. The goblin hits you but does no damage.
You sock the goblin!
You kill the goblin!
The goblin hits you but does no damage.
Items here: )))) ††.
The goblin attacks as you move away! The goblin hits you but does no damage.
Robin throws the goblin at you! The goblin hits you but does no damage.
You miss the goblin. The goblin hits you but does no damage.
You block the goblin's attack.
You sock the goblin!
You kill the goblin!
Robin throws the goblin at you! The goblin hits you but does no damage.
The goblin hits you with a +0 dagger.
* * * LOW HITPOINT WARNING * * *
It was a potion of lignification.
You turn into a tree.
Your +0 scale mail melds into your body.
Your roots penetrate the ground.
You block the goblin's attack. Robin hits you but does no damage.
You feel very mighty all of a sudden. The hobgoblin hits you.
* * * LOW HITPOINT WARNING * * *
Robin hits you but does no damage. The goblin hits you with a +0 dagger.
You die...

... ########## ....
#........# .....
#........######......
#....................
#........##..#####.##
####..##.#...#
####..#g.#.#.##
#....##♣##.#..#
#....##.#gg##.##.#
#.# ..## #.#K###. #.#
#.# #.).# #. #.# #.#
........### #. #.##
#.# ..#####.# #. #..#
#.# .g# ##.###.# #.##
#..##.# .g ##....#


You could see Robin, a hobgoblin (strong), a goblin (strong) and a kobold.

Vanquished Creatures
  A dart slug (D:1)
  A bat (D:1)
  An endoplasm (D:1)
  9 goblins
  6 hobgoblins
  A kobold (D:1)
  5 ball pythons (D:1)
  A frilled lizard (D:1)
  A rat (D:1)
26 creatures vanquished.

Notes
Turn   | Place    | Note
-------+----------+-------------------------------------------
     0 | D:1      | wormed the Gargoyle Fighter began the quest for the Orb.
     0 | D:1      | Reached XP level 1. HP: 14/14 MP: 1/1
   168 | D:1      | Reached XP level 2. HP: 12/19 MP: 2/2
   341 | D:1      | Found a faded altar of an unknown god.
   624 | D:1      | You fall into a shaft and drop 1 floor!
   670 | D:2      | Noticed Robin
   687 | D:2      | Reached XP level 3. HP: 15/23 MP: 3/3
   716 | D:2      | HP: 1/34 [hobgoblin[Robin] (3)]
   716 | D:2      | Slain by a goblin

Illustrated notes

Levels and vault maps discovered:
D:1:      dpeg_arrival_water_temple_mockup, layout_loops_corners,
          hellmonk_ecumenical_altar_blasted
D:2:      layout_rooms, uniq_crazy_yiuf_cottage, uniq_jessica, uniq_robin

Action                   || total
-------------------------++-------
Melee: Flail             ||    76
  Use: Potion            ||     2
Armor: Scale mail        ||    56
       Skin              ||     2
Dodge: Dodged            ||    43
Block: Buckler           ||    17
